 Dungeon Crawl Stone Soup version 0.31-a0-940-gdaa99269f9 (webtiles) character file.

Game seed: 17161886860949987154

6134 omnomnOMINOUS the Chopper (level 10, 0/69 HPs)
             Began as an Octopode Wanderer on Oct 20, 2023.
             Was an Initiate of Gozag.
             Slain by a warg (8 damage)
             ... on level 10 of the Dungeon.
             The game lasted 00:38:28 (12005 turns).

omnomnOMINOUS the Chopper (Octopode Wanderer)      Turns: 12005, Time: 00:38:29

Health: 0/69       AC:  1    Str: 14    XL:     10   Next: 89%
Magic:  13/13      EV: 14    Int: 23    God:    Gozag
Gold:   1133       SH: 11    Dex: 11    Spells: 1/13 levels left

rFire   . . .        a - +7 consecrated labrys {holy, Valiant Fragile Fly SInv}
rCold   . . .        c - +2 buckler
rNeg    . . .        r - +0 hat
rPois   .            x - amulet of reflection
rElec   .            o - +6 ring of intelligence
rCorr   .            (no ring)
SInv    +            (no ring)
Will    .....        (no ring)
Stlth   +++          (no ring)
HPRegen 0.31/turn    (no ring)
MPRegen 0.13/turn    (no ring)
                     (no ring)

%: reflection
@: flying
A: almost no armour, amphibious, 8 rings, camouflage 1, gelatinous body 1,
(nimble swimmer 1), tentacles
a: Renounce Religion, Potion Petition, Call Merchant, Bribe Branch


You were on level 10 of the Dungeon.
You worshipped Gozag.
Gozag was most pleased with you.
You visited 2 branches of the dungeon, and saw 12 of its levels.

You collected 1754 gold pieces.
You spent 597 gold pieces at shops.
You paid 24 gold pieces to Gozag.

Inventory:

Hand Weapons
 a - the +7 consecrated labrys (weapon) {holy, Valiant Fragile Fly SInv}
   (You bought it in a shop on level 6 of the Dungeon)

   Valiant:   It becomes more powerful as more dangerous foes come into view.
   SInv:      It lets you see invisible.
   Fly:       It grants you flight.
   Fragile:   It will be destroyed if unequipped.
 E - a +3 shortbow
Missiles
 g - 91 poisoned darts
 m - 3 curare-tipped darts
Armour
 c - a +2 buckler (worn)
 r - a +0 hat (worn)
Jewellery
 o - a +6 ring of intelligence (left tentacle)
 x - an amulet of reflection (around mantle)
Talismans
 f - a serpent talisman
 s - a maw talisman
Wands
 v - a wand of mindburst (9)
 w - a wand of roots (10)
 y - a wand of flame (20)
 C - a wand of quicksilver (3)
 D - a wand of digging (5)
Scrolls
 b - a scroll of amnesia
 e - a scroll of teleportation
 h - 3 scrolls of brand weapon
 i - a scroll of fog
 k - a scroll of vulnerability
 l - 2 scrolls of blinking {unknown}
 q - 3 scrolls of enchant armour
 u - a scroll of enchant weapon {unknown}
 z - 2 scrolls of noise
 A - 2 scrolls of fear {unknown}
 B - a scroll of immolation
Potions
 d - 2 potions of might {unknown}
 j - a potion of cancellation {unknown}
 n - 3 potions of curing
 p - 2 potions of ambrosia
 t - a potion of resistance


   Skills:
 + Level 6.9 Fighting
 * Level 7.6 Axes
 + Level 6.8 Dodging
 - Level 2.6 Stealth
 + Level 4.1 Shields
 - Level 4.0 Unarmed Combat
 - Level 2.0 Spellcasting
 - Level 6.0 Hexes
 - Level 1.0 Invocations
 + Level 5.8 Shapeshifting


You had one spell level left.
You knew the following spells:

 Your Spells              Type           Power      Damage    Failure   Level
a - Magic Dart            Conj           8%         1d3       17%         1
b - Ensorcelled Hibernat  Hex/Ice        32%        N/A       8%          2
c - Passage of Golubria   Tloc           2%         N/A       86%         4
d - Mephitic Cloud        Conj/Pois/Air  2%         N/A       45%         3
e - Blink                 Tloc           4%         N/A       26%         2

Your spell library contained the following spells:

 Spells                   Type           Power      Damage    Failure   Level
 Jinxbite                 Hex            58%        N/A       2%          2
 Call Imp                 Summ           4%         N/A       26%         2
 Lesser Beckoning         Tloc           4%         N/A       26%         2
 Momentum Strike          Conj/Tloc      4%         3d8       26%         2
 Silence                  Hex/Air        8%         N/A       80%         5
 Lehudib's Crystal Spear  Conj/Erth      1%         10d2      100%        8


Dungeon Overview and Level Annotations

Branches:
Dungeon (11/15)            Temple (1/1) D:5            Lair (0/5) D:10
    Orc: D:9-12

Altars:
Ashenzari
Cheibriados
Dithmenos
Elyvilon
Fedhas
Gozag
Hepliaklqana
Kikubaaqudgha
Makhleb
Nemelex Xobeh
Okawaru
Qazlal
Ru
Sif Muna
Trog
Uskayaw
Vehumet
Xom
Yredelemnul
Zin
The Shining One

Shops:
D:4 [   D:5 *   D:6 *

Annotations:
D:7 exclusion: 6 doors, Dowan, Duvessa
D:8 exclusion: yak
D:10 exclusion: yak


Innate Abilities, Weirdness & Mutations

You cannot wear most types of armour.
You are amphibious.
You can wear up to eight rings at the same time.
Your skin changes colour to match your surroundings (Stealth+).
Your rubbery body absorbs attacks. (AC +1, EV +1)
((You are camouflaged when in or above water. (Stealth+)))
You have tentacles for arms and can constrict up to eight enemies at once.


Message History

No target in view!
You now have 1120 gold pieces (gained 21).
There is an open door, spattered with blood here.
Items here: ))) [[.
You now have 1126 gold pieces (gained 6).
You see here a +0 short sword.
You now have 1133 gold pieces (gained 7).
You see here a +3 short sword.
You see here a +0 short sword.
There is an open door, spattered with blood here.
Items here: ))) [[.
You see here a +0 short sword.
You reach down and open the door.
Found a stone staircase leading down.
There is an open door here.
Found a stone staircase leading down.
You start waiting.
A warg is nearby!
The warg howls!
You slash the warg!
The warg is moderately wounded.
The warg bites you!
You miss the warg.
The warg is moderately wounded.
The warg bites you. The warg bites you!
You miss the warg.
The warg is moderately wounded.
You block the warg's attack. The warg barely misses you.
You slash the warg!
The warg is severely wounded.
The warg completely misses you.
You slash the warg!
The warg is almost dead.
The warg bites you! x2
* * * LOW HITPOINT WARNING * * *
You hit the warg.
The warg is almost dead.
The warg bites you!
You die...
Your body crumbles into a pile of gold.

#..))...#.#....#.#
#..#....'.#....#.#
#..######.#....#.#
#.........#....#.# #.....
.........#.#.###.# #.....
.................# #.....
####.....#.#.#...# #.....
#.............###### #.....
#..####.#.#.h@.....######.....
#.. ......#######............
#..#..#.#.#. #............
..#....... #.#########+#
####..#..#.#. #.# # ......# ..
#o# # ......+ ........# .
......+ .o.....># ..
......#### ........# o≈


You could see a warg.

Vanquished Creatures
  Maurice (D:8)
  A kobold demonologist (D:9)
  Grinder (D:3)
  A hornet (D:9)
  A wraith (D:7)
  2 yaks (D:10)
  An unseen horror simulacrum (D:10)
  A warg (D:10)
  3 water moccasins
  4 orc warriors
  A black bear (D:4)
  2 sky beasts (D:6)
  An ogre (D:5)
  4 centaurs
  Blork the orc (D:6)
  6 bullfrogs
  15 kobold brigands (D:9)
  A scorpion (D:6)
  4 killer bees (D:9)
  4 howler monkeys
  A hound (D:4)
  A gnoll bouda (D:4)
  2 jellies
  8 orc priests
  A sleepcap (D:6)
  Jessica (D:3)
  6 iguanas
  Ijyb (D:5)
  7 orc wizards
  A centaur simulacrum (D:10)
  7 gnolls
  6 adders
  A shadow imp (D:7)
  A howler monkey simulacrum (D:10)
  2 white imps (D:10)
  2 ufetubi (D:4)
  A worm (D:3)
  4 dart slugs
  29 orcs
  3 ball pythons
  4 bats
  3 endoplasms
  A giant cockroach (D:4)
  3 goblins
  8 hobgoblins
  10 jackals
  3 quokkas
  A frilled lizard (D:1)
  20 kobolds
  A rat (D:1)
194 creatures vanquished.

Vanquished Creatures (collateral kills)
  A troll (D:10)
1 creature vanquished.

Vanquished Creatures (others)
  2 kobold brigands (D:9)
  An orc wizard (D:5)
  A kobold (D:9)
4 creatures vanquished.

Grand Total: 199 creatures vanquished

Notes
Turn   | Place    | Note
-------+----------+-------------------------------------------
     0 | D:1      | omnomnOMINOUS the Octopode Wanderer began the quest for the
                  | Orb.
     0 | D:1      | omnomnOMINOUS set off with the following items: a +0 war
                  | axe, a +0 hat, a potion of invisibility; and the following
                  | spells available to memorise: Jinxbite, Ensorcelled
                  | Hibernation.
     0 | D:1      | Reached XP level 1. HP: 13/13 MP: 2/2
    24 | D:1      | Reached XP level 2. HP: 12/18 MP: 3/3
   177 | D:1      | Reached skill level 1 in Dodging
   211 | D:1      | Reached XP level 3. HP: 23/23 MP: 5/5
   223 | D:1      | Learned a level 2 spell: Jinxbite
   226 | D:1      | Learned a level 2 spell: Ensorcelled Hibernation
   679 | D:2      | Found an opulent altar of Gozag.
   696 | D:2      | Became a worshipper of Gozag Ym Sagoz the Greedy
  1440 | D:3      | Reached XP level 4. HP: 26/29 MP: 6/6
  1467 | D:3      | Noticed Jessica
  1472 | D:3      | Killed Jessica
  1586 | D:3      | Noticed Grinder
  1605 | D:3      | Killed Grinder
  1606 | D:3      | Reached skill level 1 in Shapeshifting
  1606 | D:3      | Reached XP level 5. HP: 16/35 MP: 6/8
  1606 | D:3      | Reached XP level 6. HP: 19/41 MP: 6/9
  2392 | D:4      | Noticed a black bear
  2755 | D:4      | Reached XP level 7. HP: 16/46 MP: 2/10
  2761 | D:4      | HP: 2/46 [gnoll/+0 spear[a gnoll bouda] (8)]
  3281 | D:4      | Found Quqeck's Antique Armour Emporium.
  3788 | D:5      | Entered Level 5 of the Dungeon
  3829 | D:5      | Noticed Ijyb
  3836 | D:5      | Killed Ijyb
  3856 | D:5      | Found a staircase to the Ecumenical Temple.
  4090 | Temple   | Entered the Ecumenical Temple
  4366 | D:5      | Found Xanehidd's Gadget Gallery.
  4398 | D:5      | Reached XP level 8. HP: 40/54 MP: 11/11
  4548 | D:5      | Reached skill level 5 in Hexes
  5444 | D:6      | Noticed Blork the orc
  5494 | D:6      | HP: 2/54 [something (6)]
  5697 | D:5      | Learned a level 4 spell: Passage of Golubria
  5930 | D:6      | Found Fubragoy's General Store.
  5934 | D:6      | Found Tang's Specific Store.
  5946 | D:6      | Bought the +4 consecrated labrys {holy, Valiant Fragile Fly
                  | SInv} for 383 gold pieces
  5946 | D:6      | Found the +4 consecrated labrys {holy, Valiant Fragile Fly
                  | SInv}
  6079 | D:6      | Killed Blork the orc
  6686 | D:7      | Reached skill level 3 in Axes
  6868 | D:7      | Reached XP level 9. HP: 28/60 MP: 4/12
  7030 | D:7      | Reached skill level 5 in Fighting
  7144 | D:7      | Reached skill level 5 in Dodging
  7316 | D:7      | Reached skill level 4 in Axes
  7428 | D:6      | Bought a +2 buckler for 214 gold pieces
  7976 | D:7      | Noticed Dowan
  7978 | D:7      | Noticed Duvessa
  8393 | D:7      | Learned a level 1 spell: Magic Dart
  8570 | D:8      | Reached skill level 1 in Shields
  8806 | D:8      | Noticed Maurice
  8816 | D:8      | Killed Maurice
  8887 | D:8      | Reached skill level 5 in Axes
  8973 | D:9      | Noticed a boulder beetle
  9189 | D:9      | Noticed a kobold demonologist
  9602 | D:9      | Noticed a hornet
  9634 | D:10     | Entered Level 10 of the Dungeon
  9634 | D:10     | Noticed a polar bear
  9682 | D:8      | Learned a level 3 spell: Mephitic Cloud
  9767 | D:9      | Reached XP level 10. HP: 68/68 MP: 13/13
  9791 | D:9      | Noticed a kobold demonologist
  9795 | D:9      | Paralysed by a hornet for 1 turns
  9802 | D:9      | Reached skill level 5 in Shapeshifting
  9972 | D:9      | Reached skill level 6 in Axes
 10158 | D:9      | Learned a level 2 spell: Blink
 10216 | D:9      | Noticed a kobold demonologist
 10237 | D:9      | Killed a kobold demonologist
 10804 | D:10     | Reached skill level 7 in Axes
 11121 | D:10     | Found a staircase to the Lair.
 11661 | D:11     | Found a shimmering blue altar of Sif Muna.
 11776 | D:11     | Noticed a skeletal warrior
 11789 | D:11     | Noticed a skeletal warrior
 12005 | D:10     | Slain by a warg

Illustrated notes

Levels and vault maps discovered:
D:1:      scummos_arrival_checkerplants, layout_basic, hangedman_feature_mirror
D:2:      layout_basic, basic_altar, kennysheep_generic_room_10
D:3:      layout_basic, chequers_serial_rivers_micro_a,
          small_statue_intersection, guppyfry_early_lair_pool, uniq_grinder,
          uniq_jessica
D:4:      layout_basic, serial_shops, shop_statue
D:5:      layout_basic, minmay_temple_entry_proselytizer, serial_park_tiny_2,
          nicolae_shop_gadgets, uniq_ijyb
D:6:      layout_basic, st_stairs_1, nicolae_specific_store,
          hangedman_decor_lopped, uniq_blork_the_orc
D:7:      layout_loops_cross, eino_jars, uniq_duvessa
D:8:      layout_rooms, uniq_maurice
D:9:      layout_roguey, marbit_many_paths, serial_corexii_hall,
          corexii_hall_statues_i, corexii_hall_statues_deadend,
          chequers_hall_statues_y, corexii_hall_statues_l,
          chequers_hall_statues_wall_a, chequers_hall_statues_corner_a,
          special_room [special_room_kobold], lightli_fourway_metalbox
D:10:     layout_irregular_city, erik_lair_orcish_takeover, serial_ice,
          serial_ice_k, serial_ice_f, serial_ice_h, serial_ice_e, serial_ice_m,
          serial_ice_c, minmay_misc_feat_square, st_stairs_13
D:11:     layout_rooms, tgw_sif
Temple:   kilobyte_greek_temple

Skill      XL: |  1  2  3  4  5  6  7  8  9 10 |
---------------+-------------------------------+-----
Dodging        | 1 2 3 4 5 6 |  6.8
Fighting       | 2 3 4 5 6 |  6.9
Spellcasting   | 2 |  2.0
Unarmed Combat | 2 3 4 |  4.0
Hexes          | 4 5 6 |  6.0
Shapeshifting  | 1 2 4 5 |  5.8
Axes           | 3 5 7 |  7.6
Shields        | 2 4 |  4.1
Stealth        | |  2.6
Invocations    | |  1.0

Action                     |  1- 3 |  4- 6 |  7- 9 | 10-12 || total
---------------------------+-------+-------+-------+-------++-------
  Melee: War axe           |    48 |    32 |       |       ||    80
         Constrict         |    12 |    20 |    43 |    23 ||    98
         Tentacles         |    11 |    16 |    49 |    18 ||    94
         Dagger            |       |    35 |   141 |       ||   176
         Punch             |       |       |     7 |       ||     7
         Labrys            |       |       |    66 |   115 ||   181
   Cast: Jinxbite          |     2 |     4 |     3 |       ||     9
         Ensorcelled Hiber |       |     5 |    40 |    13 ||    58
         Magic Dart        |       |       |     5 |       ||     5
         Blink             |       |       |       |     1 ||     1
  Evoke: Wand              |       |       |     5 |     3 ||     8
    Use: Scroll            |       |     7 |     9 |     4 ||    20
         Potion            |       |       |     5 |     9 ||    14
   Stab: Sleeping          |    13 |     6 |    26 |     2 ||    47
         Invisible         |       |       |       |     9 ||     9
 Armour: Skin              |    23 |    37 |   133 |    65 ||   258
  Dodge: Dodged            |    19 |    42 |   124 |    61 ||   246
  Block: Other             |       |       |     8 |       ||     8
         Buckler           |       |       |    30 |    76 ||   106
         Reflection        |       |       |     7 |     4 ||    11

Table legend: (Time is in decaauts)
 A = Elapsed time spent in this place.
 B = Non-inter-level travel time spent in this place.
 C = Inter-level travel time spent in this place.
 D = Time resting spent in this place.
 E = Time spent auto-exploring this place.
 F = Levels seen in this place.
 G = Mean time per level.
                   A        B        C        D        E       F      G
               +--------+--------+--------+--------+--------+-----+--------+
         Total |  12087 |  11531 |    556 |   3287 |   5389 |  12 | 1007.2 |
       Dungeon |  12083 |  11527 |    556 |   3287 |   5389 |  11 | 1098.5 |
        Temple |      4 |      4 |      0 |      0 |      0 |   1 |    4.0 |
               +--------+--------+--------+--------+--------+-----+--------+

Top non-repeatable levels by time:
     D:6: 1814 daAuts
     D:4: 1704 daAuts
     D:9: 1481 daAuts
     D:7: 1475 daAuts
     D:5: 1278 daAuts
    D:10: 1230 daAuts
     D:2: 852 daAuts
     D:8: 831 daAuts
     D:3: 746 daAuts
     D:1: 497 daAuts
    D:11: 170 daAuts
  Temple: 4 daAuts
